 Seeded DCSS version 0.26-a0-43-g20b394c (webtiles) character file.

Game seed: 11301349378719138389

156 Auros the Carver (level 5, 42/43 HPs)
             Began as a Barachi Fighter on June 2, 2020.
             Quit the game on level 3 of the Dungeon.
             The game lasted 00:03:57 (1052 turns).

Auros the Carver (Barachi Fighter)                  Turns: 1052, Time: 00:03:58

Health: 42/43      AC:  1    Str: 18    XL:     5   Next: 38%
Magic:  5/5        EV: 11    Int:  8    God:
Gold:   47         SH:  0    Dex: 12    Spells: 4/4 levels left

rFire    . . .     SeeInvis .   a - +0 long sword
rCold    . . .     Gourm    .   (no shield)
rNeg     . . .     Faith    .   (no armour)
rPois    .         Spirit   .   (no helmet)
rElec    .         Reflect  .   k - +0 cloak
rCorr    .         Harm     .   (no gloves)
MR       .....                  (no boots)
Stlth    +.........             (no amulet)
HPRegen  0.14/turn              (no ring)
MPRegen  0.09/turn              (no ring)

@: slow
A: +LOS, swims, slowness 1, strong legs 1
a: Hop


You were on level 3 of the Dungeon.
You were not hungry.

You visited 1 branch of the dungeon, and saw 3 of its levels.

You collected 47 gold pieces.

Inventory:

Hand Weapons
 a - a +0 long sword (weapon)
Missiles
 g - 25 bolts
 Z - 18 stones (quivered)
Armour
 b - a +0 scale mail
 c - a +0 kite shield
 k - a +0 cloak (worn)
Scrolls
 e - 4 scrolls of remove curse {unknown}
 h - a scroll of fog {unknown}
 i - a scroll of teleportation {unknown}
Potions
 d - a potion of might
 f - a potion of lignification {unknown}
 l - a potion of experience
Comestibles
 j - 7 chunks of flesh
 z - 2 rations


   Skills:
 + Level 4.3 Fighting
 + Level 10.1 Long Blades
 + Level 4.3 Armour
 + Level 3.9 Shields
   Level 9.5 Summonings


You had 4 spell levels left.
You didn't know any spells.
Your spell library contained the following spells:

 Spells                   Type           Power        Failure   Level  Hunger
 Summon Small Mammal      Summ           ###.         1%          1    ##.....
 Call Imp                 Summ           ###.....     1%          2    ###....
 Call Canine Familiar     Summ           ###.....     2%          3    ####...
 Summon Guardian Golem    Hex/Summ       #.......     19%         3    ####...
 Summon Ice Beast         Ice/Summ       #.......     52%         4    #####..
 Summon Lightning Spire   Summ/Air       #.......     52%         4    #####..


Dungeon Overview and Level Annotations

Branches:
Dungeon (3/15)

Altars:


Innate Abilities, Weirdness & Mutations

You can be seen from farther away. (+LOS)
You can swim through water.
You cover ground slowly.
You can hop short distances.


Message History

You slash the hound skeleton!
You destroy the hound skeleton!
Found a stone staircase leading up.
You pick up a book of Callings and begin reading...
You add the spells Summon Small Mammal, Call Imp, Call Canine Familiar, Summon Guardian Golem, Summon Lightning Spire and Summon Ice Beast to your library.
Things that are here:
a cursed -1 short sword; a kobold corpse
Okay, then.
You start removing your armour.
You continue taking off your +0 kite shield. x3
Some of the chunks of flesh in your inventory have rotted away.
You continue taking off your +0 kite shield.
You finish taking off your +0 kite shield.
You don't know any spells.
Okay, then.
You start removing your armour.
You continue taking off your +0 scale mail. x4
You finish taking off your +0 scale mail.
Okay, then.
Are you sure you want to abandon this character and quit the game? (Confirm with "yes".)

#.. #.# #.# # # #.#
.# #. #.# .# # !...
#.###.#.# #.
#..####.#.....# #.#
#...........# #.#
#.#...@.#.##### #.#
#.....(((...# #.#
#######.###.# #.#
#.# #.# #.# #.#
#.#######.## #%#
#.##........
####.###.##.####.##
.........##.# #..#
#....##..##.###.###


There were no monsters in sight!

Vanquished Creatures
  A hound skeleton (D:3)
  3 adders (D:2)
  3 oozes
  2 worms
  A dart slug (D:2)
  A leopard gecko (D:3)
  An orc (D:3)
  2 bats
  3 giant cockroaches
  A hobgoblin (D:2)
  A quokka (D:2)
  A frilled lizard (D:2)
  3 goblins
  4 kobolds
  2 rats
29 creatures vanquished.

Notes
Turn   | Place    | Note
-------+----------+-------------------------------------------
     0 | D:1      | Auros the Barachi Fighter began the quest for the Orb.
     0 | D:1      | Reached XP level 1. HP: 18/18 MP: 1/1
   191 | D:1      | Reached XP level 2. HP: 21/25 MP: 2/2
   232 | D:2      | Reached XP level 3. HP: 28/30 MP: 3/3
   302 | D:2      | Reached skill level 3 in Long Blades
   837 | D:3      | Reached XP level 4. HP: 28/37 MP: 4/4
   932 | D:3      | Reached skill level 10 in Long Blades
   932 | D:3      | Reached XP level 5. HP: 43/43 MP: 5/5
  1052 | D:3      | Quit the game

Illustrated notes

Levels and vault maps discovered:
D:1:      roderic_crop_circles_arrival_small, layout_basic, st_stairs_6
D:2:      layout_loops_cross, nicolae_tso_swordbearing_angel, marbit_many_paths,
          first_ration
D:3:      layout_loops_ring, uniq_sigmund, uniq_terence

Skill      XL: |  1  2  3  4 |
---------------+-------------+-----
Fighting       | 4 |  4.3
Armour         | 4 |  4.3
Long Blades    | 3 10 | 10.1
Summonings     | 9 |  9.5
Shields        | |  3.9

Action                   |  1- 3 |  4- 6 || total
-------------------------+-------+-------++-------
Melee: Long sword        |   101 |    25 ||   126
 Abil: Hop               |     2 |       ||     2
  Use: Potion            |       |     1 ||     1
  Eat: Chunk             |       |     1 ||     1
Armor: Scale mail        |    28 |    18 ||    46
Dodge: Dodged            |    33 |     3 ||    36
Block: Kite shield       |    49 |    14 ||    63
       Rpst.: Long sword |    10 |       ||    10

Table legend:
 A = Non-vault XP
 B = Vault XP
 C = Vault XP percentage of total XP
 D = Non-vault monster count
 E = Vault monster count
 F = Vault count percentage of total count
                 A         B        C        D         E       F
            +---------+---------+-------+---------+---------+-------
      Total |     125 |       1 |   0.8 |      28 |       1 |   3.4
            +---------+---------+-------+---------+---------+-------
        D:1 |      13 |       1 |   7.1 |       5 |       1 |  16.7
        D:2 |      65 |       0 |   0.0 |      13 |       0 |   0.0
        D:3 |      47 |       0 |   0.0 |      10 |       0 |   0.0
            +---------+---------+-------+---------+---------+-------
